[Event "10th Floripa Open 2024"]
[Site "Florianopolis"]
[Date "2024.01.24"]
[Round "5.2"]
[White "El Debs, Felipe de Cresce"]
[Black "Umetsubo, Cesar Hidemitsu"]
[Result "1/2-1/2"]
[ECO "E06"]
[WhiteElo "2527"]
[BlackElo "2349"]
[Annotator "TA"]
[PlyCount "65"]
[EventDate "2024.01.10"]
[EventType "swiss"]
[EventCountry "BRA"]
[SourceTitle "playchess.com"]
[Source "ChessBase"]
[SourceQuality "1"]
[TimeControl "5400+30"]

1. d4 d5 2. c4 e6 3. Nf3 Nf6 4. g3 Be7 5. Bg2 O-O 6. Nc3 dxc4 7. Ne5 c5 8. dxc5 Qxd1+ 9. Nxd1 Bxc5 10. Nxc4 Nc6 11. Be3 Bb4+ 12. Nc3 Nd5 13. Bd2 Nxc3 14. bxc3 Bc5 15. Rb1 e5 16. Rb5 Be7 17. Nxe5 Nxe5 18. Rxe5 Bf6 19. Rb5 {[%emt 0:03:06] White is more active.} Rd8 20. Rb2 Bg4 21. h3 (21. Bxb7 Rab8 22. Rb4 a5 23. Rxg4 Rxb7 $19) 21... Be6 22. O-O (22. Bxb7 $2 {loses.} Rab8 23. Rb5 Rxb7 24. Rxb7 Bd5 (24... Bxa2 $2 {is the wrong capture.} 25. Rxa7 Be6 26. Ra3 $18) 25. Rxa7 Bxh1 $19) 22... Rac8 23. Bxb7 Bxc3 24. Bxc8 Bxb2 25. Bxe6 Rxd2 $14 {[%emt 0:00:03][%mdl 4096] Endgame. KRB-KRB} 26. Bc4 Rc2 27. Bb3 (27. Bd3 $14 Rc1 28. Rxc1 Bxc1 29. e3) 27... Rxe2 $11 {[%emt 0:03:32] The position is equal.} 28. Rd1 {[%emt 0:06:44] [#] White threatens Rd8+ and mate.} Kf8 $1 29. Rd7 Re7 30. Rd8+ Re8 31. Rd7 Re7 32. Rd8+ Re8 33. Rd7 {[%emt 0:50:19] Weighted Error Value: White=0.05 (flawless) /Black=0.05 (flawless) .  Mistake:       	White=1     	---        Inaccurate:     	---       	Black=1      OK:         	White=8     	Black=10     Best:        	White=3     	Black=1      Strong:       	---       	Black=1} 1/2-1/2

[Event "10th Floripa Open 2024"]
[Site "Florianopolis"]
[Date "2024.01.24"]
[Round "5.3"]
[White "Ticona Rocabado, Licael Roderick"]
[Black "Cuenca Jimenez, Jose Fernando"]
[Result "1/2-1/2"]
[ECO "E94"]
[WhiteElo "2350"]
[BlackElo "2514"]
[Annotator "TA"]
[PlyCount "134"]
[EventDate "2024.01.10"]
[EventType "swiss"]
[EventCountry "BRA"]
[SourceTitle "playchess.com"]
[Source "ChessBase"]
[SourceQuality "1"]
[TimeControl "5400+30"]

1. d4 Nf6 2. c4 g6 3. Nc3 Bg7 4. e4 d6 5. Nf3 O-O 6. Be2 Na6 7. O-O e5 8. a3 Bg4 9. Be3 exd4 10. Nxd4 {[%emt 0:00:00] Weiß hat minimalen Vorteil.} Bxe2 11. Ndxe2 Ng4 12. Bd4 Bxd4 13. Nxd4 Qh4 14. Nf3 Qf6 15. Qd2 c6 {Verhindert Nd5.} (15... Ne5 $11 16. Nxe5 dxe5) 16. Rad1 Ne5 17. Nxe5 dxe5 18. Qe3 Qe7 {Verhindert Rd7} 19. Rd2 Qc5 20. Qe2 Rfd8 {Wehrt Rd7 ab} 21. Rfd1 Rxd2 22. Rxd2 Qe7 {Lässt Rd7 nicht zu} 23. Qd1 Qe6 24. b3 Nc5 25. Rd6 Qe8 26. g3 a5 27. Kg2 Qe7 28. Rd2 Qf8 29. b4 Ne6 30. c5 Rd8 31. Na4 (31. bxa5 Rxd2 32. Qxd2 Qxc5 $17 (32... Nxc5 33. Ne2 $15)) (31. Rxd8 {vereinfacht} Qxd8 32. Qxd8+ Nxd8 33. Kf3) 31... axb4 32. axb4 Rd4 33. Rxd4 Nxd4 $11 {[%mdl 4096] Endspiel. KQN-KQN} 34. Nb6 Qe7 35. Qa1 Qe6 {Droht stark ...Qg4.} 36. Qa7 (36. Qa3 $11) 36... Kg7 ({Besser ist} 36... h5 $1 $17 37. h4 (37. Qxb7 $2 Qb3 $19) 37... Qb3 38. Qb8+ Kh7 39. Qxe5 Qf3+ 40. Kg1 Nc2) 37. Qa3 (37. Qxb7 $2 Qg4 38. Qa6 Qxe4+ 39. Kg1 Nf3+ 40. Kf1 Nxh2+ (40... Qxb4 $2 41. Qe2 $19) 41. Kg1 Nf3+ 42. Kf1 Nd2+ (42... Qxb4 $2 43. Kg2 $19) 43. Kg1 h5 $19 (43... Qxb4 $2 44. Qe2 $19) (43... Nf3+ $2 44. Kf1 $19)) 37... Qg4 38. Qd3 Ne6 $36 {[%mdl 2048] ( -> ...Nf4+). Schwarz drückt.} 39. Kf1 $1 Ng5 40. Nc4 (40. Nd7 $1 $11 Qxe4 (40... Nxe4 41. Nxe5 Qf5 42. Qd4 $15) 41. Qd6 (41. Qxe4 Nxe4 42. Nxe5 Nc3 $15)) 40... Nf3 $17 ({Ein No Go ist} 40... Nxe4 41. Nxe5 Qf5 42. Qd4 $11) ({Doch nicht} 40... Qxe4 41. Qxe4 Nxe4 42. Ke2 $11) 41. h4 h6 42. Qe3 Qe6 43. Na3 (43. Ke2 $17) 43... Qh3+ $19 44. Ke2 Nd4+ 45. Kd2 Qf1 46. g4 (46. Nc2 $17 {war die einzige Chance.}) 46... Qa1 47. Nc2 Qa2 ({Jedoch nicht} 47... Qb2 48. Qc3 Qa2 49. f3 $17) (47... Nxc2 $1 $19 48. Kxc2 Qh1) 48. Qc3 $17 Kf8 49. Qd3 h5 (49... Kg8 $17 50. Qc3 Nxc2 51. Qxc2 Qe6) 50. gxh5 $15 gxh5 51. Kc3 (51. Qc3 $1 $15) 51... Qb3+ $19 52. Kd2 {[%emt 0:00:00] [#]} Nf3+ 53. Ke3 Qxd3+ 54. Kxd3 Nxh4 {KN-KN} 55. Na3 {[%emt 0:00:00] [#]} Ng2 (55... Ke7 $1 $19 56. Ke2 Ng2) 56. Nc4 $17 f6 57. Nd6 Nf4+ 58. Ke3 $1 h4 {Und jetzt ...h3 wäre schön.} 59. Kf3 Nd3 60. Nxb7 Nxb4 (60... Ke7 $15) 61. Kg4 $11 {[%emt 0:00:00] Die Stellung ist ausgeglichen.} Nd3 62. f3 Ne1 63. Nd8 h3 64. Kxh3 Nxf3 65. Nxc6 Kf7 66. Kg4 Nd2 67. Kf5 Nb3 {Schwarz hatte alle Gewinnchancen.   Gewichteter Fehlerwert: Weiß=0.24 (präzise) /Schwarz=0.17 (sehr präzise) .  Fehler:       	Weiß=5     	Schwarz=6     Ungenau:       	Weiß=6     	Schwarz=3     OK:         	Weiß=19    	Schwarz=22    Bester:       	Weiß=8     	Schwarz=4     Stark:        	Weiß=2     	---} 1/2-1/2

[Event "10th Floripa Open 2024"]
[Site "Florianopolis"]
[Date "2024.01.24"]
[Round "5.4"]
[White "Labussiere, Victor"]
[Black "Rodriguez Vila, Andres"]
[Result "0-1"]
[ECO "D40"]
[WhiteElo "2328"]
[BlackElo "2407"]
[Annotator "RC"]
[PlyCount "72"]
[EventDate "2024.01.10"]
[EventType "swiss"]
[EventCountry "BRA"]
[SourceTitle "playchess.com"]
[Source "ChessBase"]
[SourceQuality "1"]
[TimeControl "5400+30"]

1. c4 e6 2. Nf3 d5 3. d4 c5 4. e3 Nc6 5. Nc3 Nf6 6. a3 cxd4 7. exd4 Be7 8. Bd3 dxc4 9. Bxc4 O-O 10. O-O b6 11. Qd3 Bb7 12. Rd1 Qd6 13. Bg5 Rad8 14. Bh4 Nh5 15. Ne4 Qf4 16. Neg5 g6 17. g3 Qb8 18. Qe3 Ng7 19. g4 Na5 20. Ba2 Rde8 21. Ne5 Qd8 22. b4 Nc6 23. Rac1 Nb8 24. Nexf7 Rxf7 25. Nxe6 Qd7 26. Rc7 Bxh4 27. Rxd7 Nxd7 28. f4 Nf6 29. Qe5 Nxg4 30. Qb5 Bf2+ 31. Kf1 Ne3+ 32. Ke2 Nxd1 33. Kxd1 Bf3+ 34. Kd2 Rxe6 35. Bxe6 Nxe6 36. Qe8+ Nf8 0-1

[Event "10th Floripa Open 2024"]
[Site "Florianopolis"]
[Date "2024.01.24"]
[Round "5.5"]
[White "Soriano Quispe, Ivan Excender"]
[Black "Perez Gormaz, Matias"]
[Result "1/2-1/2"]
[ECO "E53"]
[WhiteElo "2271"]
[BlackElo "2388"]
[Annotator "RC"]
[PlyCount "160"]
[EventDate "2024.01.10"]
[EventType "swiss"]
[EventCountry "BRA"]
[SourceTitle "playchess.com"]
[Source "ChessBase"]
[SourceQuality "1"]
[TimeControl "5400+30"]

1. d4 Nf6 2. c4 e6 3. Nc3 Bb4 4. e3 O-O 5. Bd3 d5 6. a3 Bxc3+ 7. bxc3 dxc4 8. Bxc4 c5 9. Nf3 Qc7 10. Be2 b6 11. Bb2 Bb7 12. O-O Rd8 13. Re1 Nc6 14. Rc1 Rac8 15. c4 Ne7 16. Qb3 cxd4 17. exd4 Qf4 18. Rcd1 Ng6 19. Bc1 Qc7 20. Bg5 Rd7 21. h3 Ne4 22. Be3 Nd6 23. d5 e5 24. Nd2 f5 25. f3 Qd8 26. Qa4 Ba8 27. Qb4 Rdc7 28. a4 Ne7 29. a5 b5 30. c5 Nxd5 31. Qb3 Nf7 32. Nb1 b4 33. Rd2 Bc6 34. Bc4 Rd7 35. Red1 Nxe3 36. Bxf7+ Kf8 37. Rxd7 Bxd7 38. Bh5 g6 39. Qxe3 Qe7 40. Qh6+ Ke8 41. Bxg6+ hxg6 42. Qh8+ Kf7 43. Qh7+ Kf6 44. Rxd7 Qxh7 45. Rxh7 Rxc5 46. Nd2 Rxa5 47. Rb7 Rd5 48. Nb3 a5 49. Ra7 Rd3 50. Nc5 Ra3 51. Rb7 Kg5 52. Kf2 Rc3 53. Rb5 Kh4 54. Rxa5 Rc2+ 55. Ke3 Rxg2 56. Nd3 e4 57. fxe4 Rg3+ 58. Kd4 fxe4 59. Kxe4 Kxh3 60. Rb5 Rg4+ 61. Kf3 Rg3+ 62. Ke2 Rg2+ 63. Nf2+ Kh4 64. Rxb4+ Kh5 65. Kf3 Rg5 66. Rb8 Ra5 67. Ne4 Ra3+ 68. Kf4 g5+ 69. Nxg5 Ra4+ 70. Ne4 Kg6 71. Rb6+ Kf7 72. Rb5 Ke6 73. Re5+ Kd7 74. Rd5+ Ke6 75. Rd6+ Ke7 76. Rb6 Kd7 77. Ke5 Ra5+ 78. Kd4 Ra1 79. Nc3 Rh1 80. Kc4 Rc1 1/2-1/2

[Event "10th Floripa Open 2024"]
[Site "Florianopolis"]
[Date "2024.01.24"]
[Round "5.6"]
[White "Roselli Mailhe, Bernardo"]
[Black "Filgueiras, Nathan Felipe"]
[Result "1/2-1/2"]
[ECO "E57"]
[WhiteElo "2364"]
[BlackElo "2321"]
[Annotator "RC"]
[PlyCount "150"]
[EventDate "2024.01.10"]
[EventType "swiss"]
[EventCountry "BRA"]
[SourceTitle "playchess.com"]
[Source "ChessBase"]
[SourceQuality "1"]
[TimeControl "5400+30"]

1. d4 d5 2. c4 e6 3. Nc3 Nf6 4. Bg5 dxc4 5. e3 c5 6. Bxc4 cxd4 7. exd4 Be7 8. Nf3 Nc6 9. O-O O-O 10. a3 a6 11. Re1 b5 12. Bd3 Bb7 13. Rc1 h6 14. Be3 b4 15. axb4 Nxb4 16. Bb1 Qa5 17. Ne5 Rfd8 18. Qe2 Nbd5 19. Qf3 Rab8 20. Qh3 Nxe3 21. fxe3 Qb6 22. Re2 Rbc8 23. Rf1 Rc7 24. Ref2 a5 25. Qg3 Ba6 26. Bd3 Bxd3 27. Nxd3 Bd6 28. Ne5 Bxe5 29. dxe5 Nd5 30. Nd1 Rcd7 31. h4 Qc7 32. Rf3 Qc2 33. Nf2 Qg6 34. Qxg6 fxg6 35. Ne4 Nb4 36. Nc5 Re7 37. Ra1 Nc6 38. Rf4 Rb8 39. b3 Rb5 40. Rc1 Nxe5 41. Re4 Nd7 42. Nxe6 Rb8 43. Nc5 Rxe4 44. Nxe4 Rxb3 45. Kf2 Ne5 46. Rc8+ Kh7 47. Rc7 Kg8 48. Rc8+ Kf7 49. Rc7+ Kf8 50. Nc5 Nd3+ 51. Nxd3 Rxd3 52. Ra7 Ra3 53. Kf3 Ra1 54. g3 a4 55. Kf4 a3 56. e4 a2 57. Ke5 Kg8 58. g4 Kh7 59. g5 Rh1 60. Rxa2 Rxh4 61. gxh6 Kxh6 62. Kd5 Rh1 63. e5 Rd1+ 64. Ke6 g5 65. Ra6 Kg6 66. Ke7+ Kf5 67. e6 Re1 68. Kf7 g4 69. e7 g3 70. Ra1 Rxe7+ 71. Kxe7 Kf4 72. Kf7 Kf3 73. Kxg7 g2 74. Rg1 Kf2 75. Rxg2+ Kxg2 1/2-1/2

[Event "10th Floripa Open 2024"]
[Site "Florianopolis"]
[Date "2024.01.24"]
[Round "5.7"]
[White "Rodrigues, Edgar"]
[Black "Fier, Alexandr"]
[Result "0-1"]
[ECO "B94"]
[WhiteElo "2233"]
[BlackElo "2549"]
[Annotator "TA"]
[PlyCount "70"]
[EventDate "2024.01.10"]
[EventType "swiss"]
[EventCountry "BRA"]
[SourceTitle "playchess.com"]
[Source "ChessBase"]
[SourceQuality "1"]
[TimeControl "5400+30"]

1. e4 c5 2. Nf3 d6 3. d4 cxd4 4. Nxd4 Nf6 5. Nc3 a6 6. Bg5 Nbd7 7. Qd2 h6 8. Be3 e6 9. f3 b5 {[%emt 0:00:12] The position is equal.} 10. O-O-O Bb7 11. g4 b4 12. Nce2 d5 13. g5 (13. exd5 $15 Nxd5 14. Bf2) 13... hxg5 $17 14. exd5 Bxd5 (14... Nxd5 15. Bxg5 Qb6 16. h4 $15) 15. Bxg5 Bxa2 (15... Qa5 $19 16. a3 e5) 16. Nf4 (16. Bg2 $17) 16... Qa5 $19 17. Qg2 Rc8 18. b3 Bc5 $2 ({Black should try} 18... Be7 $19 19. Nfxe6 fxe6) 19. Nfxe6 $11 fxe6 20. Bxf6 {[%emt 0:00:32] Intending Qg6+ and mate.} Qa3+ (20... Nxf6 $2 21. Qg6+ (21. Qxg7 $2 Qa3+ 22. Kd2 Qb2 $19) 21... Kd7 22. Qxg7+ Be7 23. Nf5+ Kc7 24. Nxe7 $18 (24. Qxe7+ Kb8 $18)) 21. Kd2 {[%emt 0:00:10] White wants to mate with Qg6+.} Nxf6 22. Qg6+ $1 Kd7 23. Qf7+ Kd6 24. Nxe6 {[%emt 0:05:34][%mdl 8192] [#]} (24. Qxe6+ $11 Kc7 25. Bxa6 Bxd4 26. Qc4+ Kb6 (26... Kb8 27. Qb5+ Kc7 28. Qc4+ Kb8 29. Qb5+ Kc7 30. Qc4+ $11) 27. Qb5+ Kc7 28. Qc4+ Kb8 29. Qb5+ Kc7 30. Qc4+) 24... Bxb3 $1 $19 25. cxb3 {[%emt 0:03:36] [#]} Qxb3 $2 $40 {[%emt 0:00:03][%mdl 128] Black is up to no good.} ({Black should play} 25... Rhe8 $1 $19 26. Ke1+ (26. Nxg7 $2 Qb2+ 27. Kd3 Qc3#) 26... Kc6 (26... Nd5 27. Qf4+ Kxe6 28. Bh3+ Ke7 29. Rxd5 $19)) 26. Ke1+ $15 Nd5 {[%emt 0:49:17] Really sharp!} 27. Rd3 (27. Be2 $11 Rhe8 28. Nf4) 27... Qb1+ $19 28. Ke2 Rhe8 29. Bh3 Qc2+ 30. Rd2 Qc4+ 31. Kd1 {[%emt 0:01:00] [#]} Bd4 $1 {[%emt 0:00:00][%mdl 512] ( -> ...Qb3+)} 32. Rxd4 (32. Qf4+ Nxf4) 32... Qc1+ {[%emt 0:00:00] Black mates.} 33. Ke2 Rc2+ (33... Qxh1 34. Rxd5+ (34. Qxg7 {gets mated.} Rc2+ 35. Rd2 Rxe6+ 36. Kd3 Rxd2+ 37. Kxd2 Qe1+ 38. Kc2 Qf2+ 39. Kb3 Re3+ 40. Kc4 Qe2+ 41. Kd4 Qd3#) 34... Kc6 (34... Kxd5 35. Qd7+ Ke5 36. Qd4#) 35. Qd7+ Kb6 36. Qd6+ (36. Qxg7 $2 {is the wrong capture.} Rc2+ 37. Ke3 Rc3+ 38. Kf4 Qxf3+ 39. Ke5 Qe2+ 40. Kf6 Rf3+ $19) 36... Ka7 37. Rd1 (37. Qxb4 Rc2+ 38. Ke3 Qc1+ 39. Rd2 Qe1+ 40. Kd3 Rxd2+ 41. Qxd2 Rxe6 $11) 37... Rxe6+ (37... Rc2+ 38. Rd2 $16) 38. Bxe6 $16) 34. Kd3 Rd2+ 35. Ke4 Qc2+ {[%emt 0:00:00] Weighted Error Value: White=1.24/Black=1.02.  Loses game:     	White=2     	---        Missed win:     	---       	Black=1      Mistake:       	White=2     	Black=1      Inaccurate:     	White=2     	Black=1      OK:         	White=8     	Black=6      Best:        	---       	Black=5      Strong:       	White=1     	---        Brilliant:      	---       	Black=1} 0-1

[Event "10th Floripa Open 2024"]
[Site "Florianopolis"]
[Date "2024.01.24"]
[Round "5.8"]
[White "Salinas Herrera, Pablo"]
[Black "Coppola, Claudio"]
[Result "1/2-1/2"]
[ECO "D00"]
[WhiteElo "2477"]
[BlackElo "2250"]
[Annotator "ChessBase"]
[PlyCount "259"]
[EventDate "2024.01.10"]
[EventType "swiss"]
[EventCountry "BRA"]
[SourceTitle "playchess.com"]
[Source "ChessBase"]
[SourceQuality "1"]
[TimeControl "5400+30"]

1. d4 Nf6 2. Nc3 d5 3. Bf4 c6 4. e3 Bf5 5. Nf3 e6 6. Ne5 Bb4 7. g4 Bg6 8. f3 Qa5 9. Qd2 Nfd7 10. a3 Nxe5 11. Bxe5 f6 12. Bf4 Nd7 13. h4 e5 14. Bg3 O-O 15. h5 Bf7 16. Bd3 Rfe8 17. Kf2 Bd6 18. Ne4 Qxd2+ 19. Nxd2 c5 20. Bb5 Rad8 21. Nb3 cxd4 22. exd4 a6 23. Be2 Nb6 24. Na5 Re7 25. Rhd1 Na4 26. Rab1 Rc7 27. Rd2 b5 28. c3 Kf8 29. Bd1 Ke7 30. Bc2 g6 31. dxe5 Bxe5 32. Re2 Kf8 33. Bxe5 fxe5 34. Rxe5 d4 35. Bxa4 bxa4 36. Rd1 Rb8 37. Rxd4 Rxb2+ 38. Kg3 gxh5 39. gxh5 Rb5 40. Rxb5 axb5 41. Rb4 Rxc3 42. Rxb5 Rxa3 43. Nc6 Rb3 44. Ra5 a3 45. h6 Rb6 46. Ra8+ Be8 47. Nd4 Rxh6 48. Rxa3 Rd6 49. Nf5 Rd5 50. Ne3 Rc5 51. f4 Bd7 52. Ra7 Ke8 53. Ra8+ Rc8 54. Ra5 Rc3 55. Re5+ Kf7 56. Kh4 Rc1 57. f5 Rb1 58. Rd5 Bc6 59. Rd6 Be4 60. Kg5 Bxf5 61. Kxf5 Ke7 62. Rh6 Rb5+ 63. Ke4 Kd7 64. Nc4 Rb1 65. Ne5+ Ke7 66. Nf3 Rb4+ 67. Nd4 Rb1 68. Kd5 Ra1 69. Nc6+ Kf7 70. Ne5+ Kg7 71. Rb6 h5 72. Ke6 Ra7 73. Rb1 Ra6+ 74. Kf5 h4 75. Rb7+ Kg8 76. Nd7 Ra1 77. Nf6+ Kf8 78. Ng4 h3 79. Rh7 h2 80. Nxh2 Ra5+ 81. Kg4 Ra4+ 82. Kh5 Ra1 83. Nf3 Rh1+ 84. Nh4 Rg1 85. Ra7 Ke8 86. Nf3 Rg3 87. Ng5 Rg1 88. Rg7 Rf1 89. Kg6 Ra1 90. Kf6 Rf1+ 91. Ke5 Kd8 92. Ne4 Ra1 93. Rf7 Rb1 94. Nc3 Re1+ 95. Kd6 Ke8 96. Rf4 Ra1 97. Nd5 Ra6+ 98. Ke5 Ra1 99. Rf3 Kd7 100. Rf7+ Ke8 101. Rb7 Kf8 102. Nf4 Ke8 103. Rc7 Re1+ 104. Kd6 Rd1+ 105. Nd5 Kf8 106. Rd7 Ra1 107. Rb7 Rc1 108. Nf4 Ke8 109. Rh7 Ra1 110. Re7+ Kf8 111. Ne6+ Kg8 112. Rg7+ Kh8 113. Rg4 Kh7 114. Ke7 Kh6 115. Kf6 Kh5 116. Rf4 Ra6 117. Rb4 Rc6 118. Kf5 Ra6 119. Rd4 Ra5+ 120. Kf6 Ra6 121. Rb4 Rc6 122. Ra4 Rb6 123. Rc4 Ra6 124. Kf5 Ra5+ 125. Nc5 Rb5 126. Rc2 Kh4 127. Rc3 Ra5 128. Kf4 Ra8 129. Nd7 Ra4+ 130. Kf5 1/2-1/2

[Event "10th Floripa Open 2024"]
[Site "Florianopolis"]
[Date "2024.01.24"]
[Round "5.9"]
[White "Terao, Juliana Sayumi"]
[Black "Galego, Luis"]
[Result "0-1"]
[ECO "B07"]
[WhiteElo "2198"]
[BlackElo "2468"]
[Annotator "TA"]
[PlyCount "90"]
[EventDate "2024.01.10"]
[EventType "swiss"]
[EventCountry "BRA"]
[SourceTitle "playchess.com"]
[Source "ChessBase"]
[SourceQuality "1"]
[TimeControl "5400+30"]

1. e4 d6 2. d4 Nf6 3. Nc3 c6 4. Bd3 e5 5. Nf3 Bg4 6. dxe5 dxe5 7. h3 Bxf3 8. Qxf3 {[%emt 0:00:10] White is slightly better.} Nbd7 9. O-O Nc5 10. Rd1 Qc7 11. b3 Be7 12. Bb2 O-O 13. Ne2 g6 14. a4 Rad8 15. Ng3 Nxd3 16. Rxd3 Rd6 {[%emt 1:11:30] [#]} (16... a6 $11 {remains equal.}) 17. Rd4 $2 Rxd4 $19 18. Qe3 {[%emt 0:58:46] [#]} Rd3 $2 19. Qxd3 $11 Rd8 20. Qc4 Ne8 21. Nf1 (21. Qc3 $5) 21... Ng7 22. Ne3 h5 {[%emt 0:00:00] [#] Prevents Ng4.} 23. Nd5 $1 Qd7 (23... Qd6 24. Nxe7+) 24. Nxe7+ Qxe7 25. a5 Qd6 26. Re1 Ne6 27. Bc1 Qd4 28. Qe2 (28. Be3 $1 $11 Qxc4 29. bxc4) 28... Qb4 29. Be3 Qxa5 {[%emt 0:00:00] Black is more active.} 30. Rd1 Rxd1+ 31. Qxd1 $17 {[%emt 0:00:00][%mdl 4096] Endgame. KQB-KQN} Qc7 32. h4 b6 33. g3 a5 34. Qd3 b5 35. c4 $2 (35. Kg2 $17) 35... b4 36. c5 (36. Qd2 {keeps fighting.}) 36... Qd8 $19 37. Qc2 Nd4 38. Qa2 (38. Bxd4 Qxd4 39. Kf1) 38... Nb5 39. Bg5 $2 (39. Qc2) 39... Qd1+ 40. Kg2 Na3 {[%emt 0:00:00] Strongly threatening ...a4.} 41. Qb2 Qd4 42. Qe2 Nb5 $1 ({Less strong is} 42... Qxc5 43. Qa6 $15) 43. f3 $2 (43. Bf6) 43... Qxc5 {[%emt 0:00:00] White must now prevent ...Nd4. Black is clearly winning.} 44. Kh3 Qd6 45. Qa2 Qd1 {[%emt 0:00:00] Weighted Error Value: White=0.80/Black=0.56.  Loses game:     	White=1     	---        Missed win:     	---       	Black=1      Mistake:       	White=6     	Black=1      Inaccurate:     	White=3     	Black=2      OK:         	White=8     	Black=13} 0-1

[Event "10th Floripa Open 2024"]
[Site "Florianopolis"]
[Date "2024.01.24"]
[Round "5.10"]
[White "Flores Quillas, Diego Saul Rodri"]
[Black "Aranha Filho, Alvaro Z."]
[Result "1-0"]
[ECO "B19"]
[WhiteElo "2429"]
[BlackElo "2201"]
[Annotator "TA"]
[PlyCount "93"]
[EventDate "2024.01.10"]
[EventType "swiss"]
[EventCountry "BRA"]
[SourceTitle "playchess.com"]
[Source "ChessBase"]
[SourceQuality "1"]
[TimeControl "5400+30"]

1. e4 c6 2. d4 d5 3. Nc3 dxe4 4. Nxe4 Bf5 5. Ng3 Bg6 6. h4 h6 7. h5 Bh7 8. Nf3 Nd7 9. Bd3 Bxd3 10. Qxd3 e6 11. Bf4 Ngf6 12. O-O-O Be7 13. Kb1 O-O 14. Ne5 c5 15. Qf3 Qb6 {[%emt 0:13:46] Inhibits d5.} (15... cxd4 $11 16. Qxb7 (16. Rxd4 Nxe5 17. Bxe5 Qa5 $15) 16... Rb8) 16. Nxd7 $1 $14 {[%emt 0:05:27] White is slightly better.} Nxd7 17. d5 exd5 18. Rxd5 Rfd8 19. Nf5 Bf6 20. c3 {[%emt 0:00:48] aiming for Rd6. Active counter play!} Nf8 (20... Qe6 $1 $14) 21. Bd6 $1 $16 {[%emt 0:01:40][%cal Of5h6] Threatens to win with Nxh6+!} Ne6 22. Rhd1 $36 {[%emt 0:01:35][%cal Of5h6][%mdl 2048] Hoping for Nxh6+! White is really pushing.} Kh7 23. Ng3 Ng5 {[%emt 0:06:16] Dodges Ne4} 24. Qd3+ Kg8 {[%emt 0:01:46] [#]} 25. f4 $1 ({Don't play} 25. Bxc5 Rxd5 26. Qxd5 (26. Bxb6 $2 Rxd3 27. Rxd3 axb6 $19) 26... Qa6 $16) (25. Rxc5 Be7 26. Rd5 Bxd6 27. Rxd6 Rxd6 28. Qxd6 Qxf2 $11) 25... c4 26. Qxc4 Ne6 (26... Nh7 $142 27. Nf5 Nf8) 27. Ne4 $18 Rac8 28. Qd3 a6 29. Qg3 Kh7 30. Qh3 Rc6 31. Qf5+ Kg8 32. Nxf6+ gxf6 33. Be7 Rxd5 34. Qxd5 (34. Rxd5 $2 Qg1+ (34... Rxc3 $2 {too greedy.} 35. Qg4+ Kh7 36. Bxf6 $16) 35. Kc2 Nd4+ (35... Qxg2+ 36. Kb3 $14) 36. Rxd4 Qxd4 37. Qg4+ Kh8 $19) 34... Nxf4 (34... Ng7 $16 35. g4 Qe3 36. Qd8+ Kh7) 35. Qf5 Ne6 36. Bxf6 Rd6 37. Qg4+ Kh7 (37... Kf8 $16) 38. Qe4+ Kg8 39. Rd4 {[%emt 0:01:29][%cal Oe4e5] Black must now prevent Qe5!} Rxd4 (39... Qc6 $16) 40. cxd4 $16 {[%emt 0:00:05][%mdl 4096] Endgame. KQB-KQN} ({Weaker is} 40. Bxd4 Qb5 $16) 40... Qb5 41. Qf3 {[%emt 0:09:24] Dodges Qf1+} (41. Qg4+ $18 Kf8 42. Qf3) 41... Kf8 $2 {[%emt 0:02:48] This move loses the game for Black.} (41... Ng5 $16 42. Bxg5 Qxg5) 42. Be5 (42. Qa3+ $18 Kg8 43. Qg3+ Kh7 44. Qf3) 42... Ng5 (42... Ke8 $16 {was necessary.} 43. d5 Ng5) 43. Qf5 $18 Qe2 (43... Qc4 {is a better defense.} 44. b3 Qe2 45. Qc8+ Ke7 46. Qxb7+ Ke6 47. Qc8+ Kd5 48. Qc5+ Ke6 49. Qc4+ Qxc4 50. bxc4 Ne4) 44. Qc8+ Ke7 45. Qxb7+ Ke8 $2 (45... Ke6 46. Qc8+ Ke7 47. Qc7+ Ke6 48. Qc6+ Kf5 49. Qc2+ (49. Qxh6 $2 Qd1#) 49... Qe4 50. Qxe4+ Kxe4) 46. Qc6+ Ke7 {[%emt 0:01:22] [#]} 47. Qf3 $4 {[%emt 0:07:56][%mdl 40960] Weighted Error Value: White=0.26 (precise) /Black=0.57.  Mistake:       	White=2     	Black=10     Inaccurate:     	White=5     	Black=4      OK:         	White=10    	Black=7      Best:        	White=4     	Black=2      Strong:       	White=2     	---       . Loss on time!?} 1-0

[Event "10th Floripa Open 2024"]
[Site "Florianopolis"]
[Date "2024.01.25"]
[Round "6.1"]
[White "Tari, Aryan"]
[Black "Rodriguez Vila, Andres"]
[Result "1-0"]
[ECO "C10"]
[WhiteElo "2623"]
[BlackElo "2407"]
[Annotator "TA"]
[PlyCount "45"]
[EventDate "2024.01.10"]
[EventType "swiss"]
[EventCountry "BRA"]
[SourceTitle "playchess.com"]
[Source "ChessBase"]
[SourceQuality "1"]
[TimeControl "5400+30"]

1. e4 e6 2. d4 d5 3. Nc3 dxe4 4. Nxe4 Nd7 5. Nf3 Ngf6 6. Nxf6+ Nxf6 7. Be3 {[%emt 0:00:05] 7.c3 is the recent fashion.} Nd5 {[%emt 0:00:12] C10: French with 3 Nc3: Unusual Black 3rd moves and 3...dxe4.} 8. Bd2 c5 9. Bb5+ Bd7 {[%emt 0:00:08] The position is equal.} 10. Bxd7+ Qxd7 11. c4 {[%emt 0:00:04] Threatens to win with Ne5.} Nb6 12. Rc1 cxd4 (12... Rc8 $11 {remains equal.}) 13. c5 $1 $16 Nd5 {[%emt 0:02:45] [#]} 14. Ne5 $1 Qc7 ({Don't take} 14... Qb5 15. Qf3 f5 16. a4 $14) 15. Qa4+ Ke7 16. Qxd4 {[%emt 0:03:26] White has more active pieces. The black rooks are badly placed.} ({White should try} 16. Nf3 $16) 16... f6 $14 17. Nf3 {[%emt 0:03:26] [#]} Rd8 $146 ({Predecessor:} 17... Kf7 18. O-O Rd8 19. Rfe1 Be7 20. b4 Qd7 21. Qc4 Rhe8 22. b5 b6 23. c6 Qd6 {½-½ Bellahcene,B (2502)-Bernadskiy,V (2594) Spilimbergo op 19th 2021 (3)}) 18. O-O g6 19. Qa4 $36 {[%emt 0:03:17][%mdl 2048] And now Nd4 would win. White is really pushing.} Kf7 {[%emt 0:09:18] [#]} (19... Qd7 $16 20. Qxa7 (20. c6 bxc6 21. Rxc6 Kf7 $11) 20... Kf7) 20. Ba5 $1 $18 ({But not} 20. Qxa7 $6 Qd7 $14) 20... b6 21. cxb6 {[%emt 0:00:09][%cal Bc5b6,Bb6c7][%mdl 96] Discovered Attack} Qd7 {[%emt 0:00:02] [#]} (21... Qb7 {is more resistant.}) 22. Rc7 $1 {[%emt 0:01:24][%mdl 576] Promotion} Nxc7 23. bxc7 {[%emt 0:00:05] Weighted Error Value: White=0.06 (flawless) /Black=0.54} 1-0